 Dungeon Crawl Stone Soup version 0.20.1-1-g8b1a95d (webtiles) character file.

39 Kingsmith the Magician (level 3, -3/19 HPs)
             Began as a Deep Elf Wizard on Dec 8, 2017.
             Slain by a river rat (9 damage)
             ... on level 3 of the Dungeon.
             The game lasted 00:03:25 (1326 turns).

Kingsmith the Magician (Deep Elf Wizard)            Turns: 1326, Time: 00:03:26

Health: -3/19      AC:  2    Str:  5    XL:     3   Next: 26%
Magic:  6/12       EV: 13    Int: 22    God:
Gold:   80         SH:  0    Dex: 13    Spells: 1/14 levels left

rFire    . . .     SeeInvis .   g - +0 whip
rCold    . . .     Gourm    .   (no shield)
rNeg     . . .     Faith    .   a - +0 robe
rPois    .         Spirit   .   b - +0 hat
rElec    .         Reflect  .   (no cloak)
rCorr    .         Harm     .   (no gloves)
MR       .....                  (no boots)
Stlth    ++........             (no amulet)
Regen    0.1/turn               (no ring)
MPRegen  0.2/turn               (no ring)

@: very slightly contaminated
A: no striking features
a: no special abilities


You were on level 3 of the Dungeon.
You were not hungry.

You visited 1 branch of the dungeon, and saw 3 of its levels.

You collected 80 gold pieces.

Inventory:

Hand Weapons
 g - a +0 whip (weapon)
Armour
 a - a +0 robe (worn)
 b - a +0 hat (worn)
 k - a +0 helmet
Scrolls
 h - 3 scrolls of remove curse {unknown}
 j - 2 scrolls of identify {unknown}
 l - a scroll of teleportation {unknown}
 m - a scroll of recharging {unknown}
Potions
 e - a potion of curing {unknown}
 f - a potion of heal wounds {unknown}
Books
 c - a book of Minor Magic

   Spells                             Type                      Level
   a - Magic Dart                     Conjuration                  1
   b - Blink                          Translocation                2
   c - Call Imp                       Summoning                    2
   d - Slow                           Hexes                        2
   e - Conjure Flame                  Conjuration/Fire             3
   f - Mephitic Cloud                 Conjuration/Poison/Air       3
Comestibles
 d - 3 bread rations
 i - 6 chunks of flesh


   Skills:
 - Level 2.4 Dodging
 - Level 2.4 Stealth
 + Level 6.1 Spellcasting
 - Level 1.1 Conjurations
 - Level 1.1 Summonings
 - Level 1.1 Translocations


You had one spell level left.
You knew the following spells:

 Your Spells              Type           Power        Failure   Level  Hunger
a - Magic Dart            Conj           ##..         6%          1    None
b - Blink                 Tloc           N/A          9%          2    None
c - Call Imp              Summ           ##......     9%          2    None
d - Slow                  Hex            #.......     14%         2    None
e - Conjure Flame         Conj/Fire      #.......     22%         3    #......
f - Mephitic Cloud        Conj/Pois/Air  #.......     24%         3    #......


Dungeon Overview and Level Annotations

Branches:
Dungeon (3/15)

Altars:

Portals:
Sewer: D:3


Message History

The bullfrog zombie hits your white imp.
Your white imp gestures at the bullfrog zombie.
The puff of frost hits the bullfrog zombie.
The bullfrog zombie resists.
The rat closely misses you.
You barely miss the rat.
The rat is moderately wounded.
The bullfrog zombie hits your white imp.
Your white imp dies!
The rat misses you.
You hit the rat but do no damage.
The rat is moderately wounded.
The bullfrog zombie misses you.
Your crimson imp hits the bullfrog zombie.
A river rat comes into view.
The bullfrog zombie closely misses you. The river rat barely misses you.
The rat closely misses you.
The bullfrog zombie completely misses you.
Found a glowing drain.
The river rat bites you!
You die...

#.# . #.# . #5# ##.##
#######...#######
........#.......#
.######Z5r#####.#
######.## #.# #∩≈r≈r@#
#.######### #≈≈S≈≈.#
##..........
#≈≈≈≈..#####.#.########
#≈≈≈........###........
#......#####.#.########
###....# ##.## ######
###


You could see 2 river rats, a bullfrog zombie, a ball python (sleeping), a rat
and a friendly crimson imp.

Vanquished Creatures
  An adder (D:2)
  3 dart slugs (D:1)
  2 leopard geckos
  An orc (D:3)
  3 giant cockroaches
  2 goblins (D:2)
  2 hobgoblins
  A bat (D:1)
  2 frilled lizards
  2 kobolds
  2 rats (D:1)
21 creatures vanquished.

Vanquished Creatures (collateral kills)
  A giant cockroach (D:3)
1 creature vanquished.

Grand Total: 22 creatures vanquished

Notes
Turn   | Place    | Note
-------+----------+-------------------------------------------
     0 | D:1      | Kingsmith the Deep Elf Wizard began the quest for the Orb.
     0 | D:1      | Reached XP level 1. HP: 10/10 MP: 7/7
   491 | D:1      | Reached skill level 5 in Spellcasting
   510 | D:1      | Reached XP level 2. HP: 7/15 MP: 1/10
   585 | D:1      | Learned a level 2 spell: Blink
   588 | D:1      | Learned a level 2 spell: Call Imp
   591 | D:1      | Learned a level 2 spell: Slow
  1032 | D:2      | Reached XP level 3. HP: 19/19 MP: 7/12
  1097 | D:3      | Learned a level 3 spell: Conjure Flame
  1101 | D:3      | Learned a level 3 spell: Mephitic Cloud
  1127 | D:3      | Reached skill level 6 in Spellcasting
  1325 | D:3      | Found a glowing drain.
  1326 | D:3      | Slain by a river rat

Skill      XL: |  1  2  3 |
---------------+----------+-----
Spellcasting   | 5 6 |  6.1
Dodging        | |  2.4
Stealth        | |  2.4
Conjurations   | |  1.1
Summonings     | |  1.1
Translocations | |  1.1

Action                   || total
-------------------------++-------
Melee: Whip              ||    14
 Cast: Magic Dart        ||    61
       Call Imp          ||     3
  Eat: Chunk             ||     1
Armor: Robe              ||     3
Dodge: Dodged            ||    26
